 Dungeon Crawl Stone Soup version 0.28.0 (webtiles) character file.

Game seed: 17807091387438232509

91818 PieDemon the Archer (level 16, -4/101 HPs)
             Began as a Tengu Enchanter on Feb 5, 2022.
             Was an Initiate of Gozag.
             Slain by a white very ugly thing (37 damage)
             ... on level 15 of the Dungeon.
             The game lasted 03:05:06 (36043 turns).

PieDemon the Archer (Tengu Enchanter)              Turns: 36043, Time: 03:05:09

Health: -4/101     AC: 11    Str: 15    XL:     16   Next: 4%
Magic:  0/30       EV: 26    Int: 19    God:    Gozag
Gold:   3306       SH:  0    Dex: 24    Spells: 18/33 levels left

rFire   + + .      SeeInvis .   a - +1 dagger (venom)
rCold   . . .      Faith    .   (no shield)
rNeg    . . .      Spirit   +   O - +1 ring mail of the Sneaky Ears {Str+4 Dex+4}
rPois   +          Reflect  .   K - +2 hat {Will+}
rElec   .          Harm     .   l - scarf {rC+ rF+}
rCorr   .          Rampage  .   Q - +1 pair of gloves "Zicetof" {rPois rC- Will+ Slay+4}
Will    ++++.                   (boots unavailable)
Stlth   +++.......              B - amulet of guardian spirit
HPRegen 0.26/turn               q - ring "Hatots" {rF+ Will+ Int+3}
MPRegen 0.22/turn               f - +4 ring of slaying

@: swift, flying quickly and evasively, very quick
A: beak, talons 3, nimble flight
a: Renounce Religion, Potion Petition, Call Merchant, Bribe Branch


You were on level 15 of the Dungeon.
You worshipped Gozag.
Gozag was most pleased with you.
You visited 4 branches of the dungeon, and saw 23 of its levels.
You also visited: Sewer, Bailey and Gauntlet.

You collected 7859 gold pieces.
You spent 3036 gold pieces at shops.
You paid 1517 gold pieces to Gozag.

Inventory:

Hand Weapons
 a - a +1 dagger of venom (weapon)
 b - a +1 shortbow of flaming
 c - a +1 short sword of speed
 m - a +3 great sword of protection
Missiles
 y - 343 arrows
Armour
 g - a +2 cloak of willpower
 l - a scarf of resistance (worn)
 K - a +2 hat of willpower (worn)
 L - the +10 scale mail of Incorporation {Slay+2}
   (You bought it in a shop on level 2 of the Orcish Mines)

   Slay:      It affects your accuracy & damage with ranged weapons and melee
   (+2).
 O - the +1 ring mail of the Sneaky Ears (worn) {Str+4 Dex+4}
   (You bought it in a shop on level 2 of the Orcish Mines)

   Str:       It affects your strength (+4).
   Dex:       It affects your dexterity (+4).
 Q - the +1 pair of gloves "Zicetof" (worn) {rPois rC- Will+ Slay+4}
   (You found it on level 1 of the Lair of Beasts)

   Slay:      It affects your accuracy & damage with ranged weapons and melee
   (+4).
   rC:        It makes you vulnerable to cold.
   rPois:     It protects you from poison.
   Will:      It increases your willpower.
 U - the +1 ring mail of the Gravedigger {+Inv Fly rPois}
   (You found it on level 4 of the Lair of Beasts)

   rPois:     It protects you from poison.
   +Inv:      It lets you turn invisible.
   Fly:       It grants you flight.
Jewellery
 d - a ring of protection from fire
 f - a +4 ring of slaying (right hand)
 q - the ring "Hatots" (left hand) {rF+ Will+ Int+3}
   (You bought it in a shop on level 2 of the Orcish Mines)

   [ring of willpower]

   Int:       It affects your intelligence (+3).
   rF:        It protects you from fire.
   Will:      It increases your willpower.
 B - an amulet of guardian spirit (around neck)
 C - a ring of positive energy
Wands
 k - a wand of acid (7)
 D - a wand of charming (4)
 N - a wand of digging (4)
 R - a wand of iceblast (4)
 S - a wand of flame (30)
Scrolls
 i - 2 scrolls of immolation
 j - 5 scrolls of fog
 n - 4 scrolls of vulnerability
 o - 3 scrolls of magic mapping
 p - 2 scrolls of summoning
 s - 2 scrolls of blinking
 u - a scroll of holy word
 v - 2 scrolls of teleportation
 x - a scroll of brand weapon
 E - 5 scrolls of amnesia
 G - 3 scrolls of silence
 J - 3 scrolls of fear
 V - 2 scrolls of enchant armour
 W - a scroll of enchant weapon
Potions
 e - 6 potions of haste
 h - 14 potions of ambrosia
 r - 3 potions of curing
 t - 2 potions of resistance
 w - 2 potions of heal wounds
 z - a potion of cancellation
 A - 9 potions of mutation
 F - 5 potions of brilliance
 I - 4 potions of might
 M - a potion of lignification
 T - a potion of attraction
 Z - a potion of magic
Miscellaneous
 P - a phantom mirror
 X - a phial of floods
 Y - a condenser vane


   Skills:
 + Level 12.0 Fighting
 - Level 11.9(12.4) Short Blades
 * Level 5.3(9.4) Long Blades
 - Level 14.0 Bows
 + Level 5.1 Armour
 - Level 14.0 Dodging
 - Level 7.1 Stealth
 + Level 9.4 Spellcasting
 - Level 4.0 Conjurations
 - Level 3.0 Hexes
 - Level 2.0 Summonings
 - Level 3.0 Translocations
 - Level 2.0 Ice Magic
 - Level 4.0 Air Magic
 - Level 2.1 Evocations


You had 18 spell levels left.
You knew the following spells:

 Your Spells              Type           Power      Damage    Failure   Level
a - Ensorcelled Hibernat  Hex/Ice        36%        N/A       8%          2
b - Dazzling Flash        Conj/Hex       44%        N/A       11%         3
c - Swiftness             Air            24%        N/A       9%          3
d - Summon Small Mammal   Summ           64%        N/A       6%          1
e - Apportation           Tloc           40%        N/A       4%          1
f - Tukima's Dance        Hex            20%        N/A       13%         3
g - Blink                 Tloc           40%        N/A       6%          2

Your spell library contained the following spells:

 Spells                   Type           Power      Damage    Failure   Level
 Magic Dart               Conj           96%        1d7       2%          1
 Shock                    Conj/Air       96%        1d9       2%          1
 Searing Ray              Conj           48%        2d6       4%          2
 Confusing Touch          Hex            20%        N/A       13%         3
 Animate Skeleton         Necr           16%        N/A       14%         1
 Mephitic Cloud           Conj/Pois/Air  19%        N/A       14%         3
 Summon Guardian Golem    Hex/Summ       18%        N/A       16%         3
 Ozocubu's Armour         Ice            16%        N/A       19%         3
 Inner Flame              Hex/Fire       14%        N/A       24%         3
 Airstrike                Air            12%        N/A       28%         4
 Fulminant Prism          Conj/Hex       11%        3d9       34%         4
 Passage of Golubria      Tloc           20%        N/A       38%         4
 Ignite Poison            Fire/Tmut/Pois 8%         N/A       41%         3
 Sticky Flame             Conj/Fire      16%        2d4       54%         4
 Summon Ice Beast         Ice/Summ       16%        N/A       54%         4
 Anguish                  Hex/Necr       7%         N/A       61%         4
 Silence                  Hex/Air        11%        N/A       67%         5
 Freezing Cloud           Conj/Ice/Air   10%        6-21      71%         5
 Manifold Assault         Tloc           20%        N/A       75%         5
 Fireball                 Conj/Fire      8%         3d6       87%         5
 Alistair's Intoxication  Tmut/Pois      5%         N/A       99%         5
 Borgnjor's Vile Clutch   Necr/Erth      4%         N/A       99%         5
 Eringya's Noxious Bog    Tmut/Pois      4%         N/A       100%        6
 Starburst                Conj/Fire      8%         6d4       100%        6
 Enfeeble                 Hex            10%        N/A       100%        7
 Orb of Destruction       Conj           12%        9d7       100%        7
 Spellforged Servitor     Conj/Summ      10%        N/A       100%        7
 Storm Form               Tmut/Air       8%         N/A       100%        7
 Ignition                 Fire           4%         3d4       100%        8
 Lehudib's Crystal Spear  Conj/Erth      8%         10d3      100%        8


Dungeon Overview and Level Annotations

Branches:
Dungeon (15/15)            Temple (1/1) D:4            Lair (5/6) D:11
  Swamp (0/4) Lair:4        Snake (0/4) Lair:4          Orc (2/2) D:11
    Elf (0/3) Orc:2        Vaults (0/5) D:14          Sewer (visited)
 Bailey (visited)         Gauntlet (visited)
  Slime: Lair:5-6    Depths: D:15

Altars:
Ashenzari
Cheibriados
Dithmenos
Elyvilon
Fedhas
Gozag
Hepliaklqana
Kikubaaqudgha
Makhleb
Nemelex Xobeh
Okawaru
Qazlal
Ru
Sif Muna
Trog
Uskayaw
Vehumet
Wu Jian
Xom
Yredelemnul
Zin
The Shining One
Beogh
Lugonu

Shops:
D:2 *   D:7 [   Orc:2 :=**[:

Annotations:
D:1 exclusion: downstairs
D:2 exclusion: downstairs
D:3 exclusion: downstairs
D:4 exclusion: downstairs
D:8 exclusion: 2 downstairs
D:10 exclusions: electric eel and upstairs
Lair:3 exclusion: downstairs


Innate Abilities, Weirdness & Mutations

You have a beak for a mouth.
You have claws for feet.
Your magical nature lets you fly swiftly and evasively.


Message History

The white very ugly thing looks as sick as possible!
Your kick misses the white very ugly thing.
The white very ugly thing is heavily wounded.
The white very ugly thing completely misses you.
You puncture the white very ugly thing!
The white very ugly thing looks as sick as possible!
You claw the white very ugly thing!
The white very ugly thing is severely wounded.
The white very ugly thing basks in the mutagenic energy from its kin and changes!
You hit the white very ugly thing.
The white very ugly thing is poisoned.
Your kick misses the white very ugly thing.
The white very ugly thing is lightly wounded.
You hit the white very ugly thing.
The white very ugly thing looks as sick as possible!
You claw the white very ugly thing.
Your peck misses the white very ugly thing.
The white very ugly thing is lightly wounded.
The white very ugly thing trunk-slaps you!
The white very ugly thing freezes you!!!
The red very ugly thing basks in the mutagenic energy from its kin and changes!
The great orb of eyes gazes at you. You resist with almost no effort.
Aiming: Corrosive Bolt
Press: ? - help, Shift-Dir - straight line, f/p - white very ugly thing
Aim: a white very ugly thing (almost dead, very poisoned, 71% to hit)
The bolt of acid hits the white very ugly thing!
The acid corrodes the white very ugly thing!
The white very ugly thing is heavily wounded.
The bolt of acid hits the white very ugly thing!
The acid corrodes the white very ugly thing!
The white very ugly thing is almost dead.
The white very ugly thing trunk-slaps you.
The white very ugly thing freezes you!!
Casting: Ensorcelled Hibernation (safe; 8% risk of failure)
Confirm with . or Enter, or press ? or * to list all spells.
You feel quick.
The white very ugly thing trunk-slaps you.
The white very ugly thing freezes you!!!
You die...
Your body crumbles into a pile of gold.

..#...# #.#.# ..#...#
#.#.# ..##### #.#.#
..#######.#.#
#.#.......#.#
#.#.#######.#
#.#.........#
.......#.############
..........G.u..u@.<.#
....##.############)#
.........#)......[[.#
...#.###.##.#.)..####
............#.##.#
...#####.#.#..##.#
........#.#.#..#[#
.....#.#.#.#.#...##
...#.#..#...#.....#


You could see 2 very ugly things and a great orb of eyes.

Vanquished Creatures
  Saint Roka (Orc:2)
  Jorgrun (Orc:2)
  Gastronok (D:9)
  An orc warlord (D:11)
  Snorg (D:14)
  A minotaur (Gauntlet)
  A fire dragon (D:12)
  A great orb of eyes (Gauntlet)
  10 hydras
  A radroach (shapeshifter) (D:14)
  2 catoblepae
  2 ogre magi
  3 centaur warriors
  15 two-headed ogres
  3 orc high priests (Orc:2)
  6 death yaks
  2 tengu warriors (D:15)
  Urug (D:10)
  A wretched star (Gauntlet)
  A fire crab (shapeshifter) (D:15)
  A fire crab (Gauntlet)
  A deep troll (shapeshifter) (D:14)
  A wizard (D:14)
  6 orc knights
  The ghost of Ironcache the Skirmisher, a novice BaSu (D:7)
  2 deep elf pyromancers
  8 orc sorcerers
  2 cyclopes
  3 manticores
  6 ugly things
  A black mamba (Lair:2)
  Maurice (D:11)
  3 elephants (Lair:4)
  2 minotaur zombies (Gauntlet)
  Maggie (D:7)
  8 rime drakes
  A kobold demonologist (D:12)
  8 cane toads
  4 unseen horrors
  11 komodo dragons
  3 polar bears
  8 trolls
  3 meliai (D:12)
  A queen bee (D:12)
  4 blink frogs (Lair:4)
  A hornet (shapeshifter) (D:14)
  7 slime creatures
  3 wraiths
  3 shadows
  Sigmund (D:4)
  52 yaks
  10 wyverns
  2 fire bats (Gauntlet)
  2 vampire mosquitoes (D:8)
  Menkaure (D:7)
  8 basilisks
  A steam dragon (D:7)
  5 swamp worms
  2 neqoxecs (Gauntlet)
  2 wargs
  A naga (Lair:4)
  An acid dragon (D:9)
  9 water moccasins
  3 ice beasts
  35 orc warriors
  4 black bears
  2 sky beasts
  A necrophage (D:8)
  10 ogres
  11 centaurs
  15 wolves
  2 kobold brigands (D:12)
  13 bullfrogs
  A gnoll sergeant (D:12)
  A water moccasin skeleton (D:5)
  A small abomination (Gauntlet)
  32 killer bees
  4 wights
  5 electric eels
  13 howler monkeys
  6 crimson imps (D:7)
  2 centaur zombies
  A bullfrog skeleton (D:5)
  3 jellies
  Crazy Yiuf (D:7)
  16 orc priests
  A centaur skeleton (D:2)
  2 gnoll shamans
  2 hounds
  A scorpion zombie (D:5)
  4 iguanas
  22 orc wizards
  14 hell rats
  A killer bee zombie (D:8)
  4 howler monkey zombies
  9 adders
  11 gnolls
  6 river rats (Sewer)
  A shadow imp (D:7)
  3 white imps (D:7)
  An ufetubus (D:4)
  An adder zombie (D:5)
  A worm (D:3)
  5 dart slugs
  105 orcs
  5 bats
  24 endoplasms
  6 giant cockroaches
  7 goblins
  5 hobgoblins
  6 jackals
  14 kobolds
  7 quokkas
  11 ball pythons
  10 frilled lizards
  7 rats
734 creatures vanquished.

Vanquished Creatures (collateral kills)
  An orc warrior (Bailey)
  An orc (Bailey)
2 creatures vanquished.

Vanquished Creatures (others)
  A human (D:4)
  19 fungi
  30 plants
  4 withered plants (Gauntlet)
54 creatures vanquished.

Grand Total: 790 creatures vanquished

Notes
Turn   | Place    | Note
-------+----------+-------------------------------------------
     0 | D:1      | PieDemon the Tengu Enchanter began the quest for the Orb.
     0 | D:1      | Reached XP level 1. HP: 10/10 MP: 4/4
   203 | D:1      | Reached XP level 2. HP: 6/16 MP: 6/6
   454 | D:1      | Learned a level 2 spell: Ensorcelled Hibernation
  1758 | D:1      | Reached skill level 1 in Fighting
  1758 | D:1      | Reached XP level 3. HP: 14/20 MP: 2/7
  2122 | D:2      | Learned a level 3 spell: Dazzling Flash
  2293 | D:2      | Reached skill level 1 in Ice Magic
  2293 | D:2      | Reached XP level 4. HP: 8/25 MP: 8/8
  2662 | D:2      | Found a shadowy altar of Dithmenos.
  2837 | D:2      | Found Nogepoim's Assorted Antiques.
  3330 | D:3      | Gained mutation: Your magical nature lets you fly swiftly
                  | and evasively. [Tengu growth]
  3330 | D:3      | Reached XP level 5. HP: 23/30 MP: 9/9
  4256 | D:3      | Found a shimmering altar of Xom.
  4728 | D:3      | Found a glowing golden altar of the Shining One.
  4907 | D:4      | Found a hide-covered altar of Uskayaw.
  5042 | D:4      | Reached skill level 1 in Conjurations
  5042 | D:4      | Reached XP level 6. HP: 34/35 MP: 10/10
  5196 | D:4      | Found a staircase to the Ecumenical Temple.
  5214 | Temple   | Entered the Ecumenical Temple
  5258 | Temple   | Became a worshipper of Gozag Ym Sagoz the Greedy
  5462 | D:4      | Found a blossoming altar of Fedhas.
  5486 | D:4      | Found a sparkling altar of Nemelex Xobeh.
  5488 | D:4      | Found an ornate altar of the Wu Jian Council.
  5489 | D:4      | Noticed Sigmund
  5701 | D:5      | Entered Level 5 of the Dungeon
  5744 | D:5      | Found a glowing drain.
  5867 | Sewer    | Entered a sewer
  6274 | Sewer    | Found a viscous altar of Jiyva.
  6599 | D:5      | Noticed a water moccasin
  6736 | D:5      | Reached XP level 7. HP: 40/40 MP: 11/11
  7161 | D:4      | Reached skill level 1 in Bows
  7294 | D:4      | Found an ancient bone altar of Kikubaaqudgha.
  7492 | D:4      | Found a shadowy altar of Dithmenos.
  7528 | D:5      | Reached skill level 5 in Short Blades
  7541 | D:5      | Reached XP level 8. HP: 39/44 MP: 6/13
  8112 | D:2      | Bought an embroidered scarf for 208 gold pieces
  8112 | D:2      | Bought 2 scrolls labelled UNIESTR VASIOR for 52 gold pieces
  8112 | D:2      | Bought a runed robe for 96 gold pieces
  8940 | D:5      | Reached skill level 5 in Bows
  9606 | D:6      | Reached XP level 9. HP: 51/51 MP: 15/15
  9972 | D:6      | Found a sacrificial altar of Ru.
 10008 | D:7      | Found Gidyu's Antique Armour Boutique.
 10016 | D:7      | Bought a creamy pearl robe for 136 gold pieces
 10016 | D:7      | Identified the +1 robe of the Enchanted Forest {Stlth+}
                  | (You bought it in a shop on level 7 of the Dungeon)
 10016 | D:7      | Bought a pair of runed gloves for 180 gold pieces
 10049 | D:7      | Found a runed translucent door.
 10050 | D:7      | Noticed Crazy Yiuf
 10070 | D:7      | Reached skill level 5 in Dodging
 10199 | D:7      | Noticed Menkaure
 10215 | D:7      | Killed Menkaure
 10492 | D:7      | Found a flagged portal.
 10521 | Bailey   | Entered a bailey
 10772 | Bailey   | Noticed an orc knight
 11198 | D:7      | Noticed Maggie
 11234 | D:7      | Killed Maggie
 11446 | D:7      | Reached skill level 5 in Stealth
 11549 | D:7      | Found a runed translucent gate.
 11551 | D:7      | Found a runed translucent gate.
 11563 | D:7      | Noticed Ironcache's ghost (novice BaSu)
 11609 | D:7      | Found a runed translucent gate.
 11609 | D:7      | Identified the +9 plate armour of Shrieking the Leaf {rF+
                  | rN+}
 12010 | D:7      | Found a glowing silver altar of Zin.
 12090 | D:6      | Reached XP level 10. HP: 50/56 MP: 17/17
 12738 | D:8      | Found a white marble altar of Elyvilon.
 13160 | D:8      | Learned a level 3 spell: Swiftness
 13162 | D:8      | Learned a level 1 spell: Summon Small Mammal
 13164 | D:8      | Learned a level 1 spell: Apportation
 13168 | D:8      | Learned a level 3 spell: Tukima's Dance
 13534 | D:9      | Noticed Gastronok
 13616 | D:9      | Reached skill level 1 in Summonings
 13616 | D:9      | Reached skill level 1 in Air Magic
 14108 | D:9      | Found a basalt altar of Yredelemnul.
 14223 | D:7      | Bought a transparent leather armour for 168 gold pieces
 14223 | D:7      | Identified the +1 leather armour "Waven" {Str+4 Stlth+}
                  | (You bought it in a shop on level 7 of the Dungeon)
 14256 | D:7      | Killed Crazy Yiuf
 15291 | D:10     | Entered Level 10 of the Dungeon
 15455 | D:10     | Noticed a two-headed ogre
 15469 | D:10     | Killed a two-headed ogre
 15470 | D:10     | Reached skill level 10 in Bows
 15614 | D:10     | Killed an unseen horror
 15861 | D:10     | Found a snail-covered altar of Cheibriados.
 15974 | D:10     | Reached XP level 11. HP: 59/62 MP: 16/18
 16301 | D:10     | Noticed a two-headed ogre
 16308 | D:10     | Killed a two-headed ogre
 16396 | D:10     | Found a bloodstained altar of Trog.
 16509 | D:10     | Noticed Urug
 16521 | D:10     | Killed Urug
 16522 | D:10     | Reached skill level 5 in Fighting
 16903 | D:11     | Found a staircase to the Lair.
 17107 | D:11     | Noticed Maurice
 17113 | D:11     | Killed Maurice
 17440 | Lair:1   | Entered Level 1 of the Lair of Beasts
 18674 | Lair:1   | Identified the +1 pair of gloves "Zicetof" {rPois rC- Will+
                  | Slay+4}
 19046 | Lair:1   | Reached XP level 12. HP: 71/71 MP: 14/19
 19295 | Lair:1   | Noticed a seven-headed hydra
 19315 | Lair:1   | Killed a seven-headed hydra
 20279 | Lair:2   | Noticed a four-headed hydra
 20293 | Lair:2   | Killed a four-headed hydra
 20859 | Lair:3   | Noticed a seven-headed hydra
 20881 | Lair:3   | Killed a seven-headed hydra
 21561 | Lair:4   | Noticed a death yak
 21562 | Lair:4   | Noticed a death yak
 21568 | Lair:4   | Noticed a death yak
 21659 | Lair:4   | Noticed a six-headed hydra
 21669 | Lair:4   | Killed a six-headed hydra
 21670 | Lair:4   | Reached skill level 10 in Dodging
 21711 | Lair:4   | Reached XP level 13. HP: 78/78 MP: 20/20
 21892 | Lair:4   | Reached skill level 5 in Spellcasting
 22569 | Lair:4   | Found a staircase to the Snake Pit.
 22585 | Lair:4   | Identified the +1 ring mail of the Gravedigger {+Inv Fly
                  | rPois}
 22672 | Lair:4   | Reached skill level 10 in Short Blades
 23142 | Lair:4   | Found a staircase to the Swamp.
 24353 | Lair:5   | Reached XP level 14. HP: 86/86 MP: 24/24
 25323 | D:11     | Found a staircase to the Orcish Mines.
 25527 | Orc:1    | Entered Level 1 of the Orcish Mines
 25549 | Orc:1    | You are sucked into a shaft and drop 1 floor!
 25549 | Orc:2    | Entered Level 2 of the Orcish Mines
 25585 | Orc:2    | Noticed Saint Roka
 25620 | Orc:2    | Noticed Jorgrun
 25878 | Orc:1    | Noticed an orc warlord
 26130 | D:11     | Killed an orc warlord
 27245 | Orc:2    | Killed Saint Roka
 27246 | Orc:2    | Reached skill level 10 in Fighting
 27587 | Orc:2    | Found a staircase to the Elven Halls.
 27602 | Orc:2    | Killed Jorgrun
 28009 | Orc:2    | Reached skill level 1 in Evocations
 28649 | Orc:2    | Found Rotou's Book Shop.
 28649 | Orc:2    | Found Tunu's Antique Armour Emporium.
 28660 | Orc:2    | Found Byuqiux's Jewellery Shop.
 28660 | Orc:2    | Found Poroedd's Book Emporium.
 28676 | Orc:2    | Bought the ring "Hatots" {rF+ Will+ Int+3} for 815 gold
                  | pieces
 28741 | Orc:2    | Bought a hat for 100 gold pieces
 28741 | Orc:2    | Bought a faintly humming scale mail for 225 gold pieces
 28741 | Orc:2    | Identified the +10 scale mail of Incorporation {Slay+2}
                  | (You bought it in a shop on level 2 of the Orcish Mines)
 28780 | Orc:2    | Bought an Inescapable Atlas for 544 gold pieces
 28783 | Orc:2    | Learned a level 2 spell: Blink
 28786 | Orc:2    | Bought a knobbly pearl ring for 125 gold pieces
 28791 | Orc:2    | Bought a spiked ring mail for 387 gold pieces
 28791 | Orc:2    | Identified the +1 ring mail of the Sneaky Ears {Str+4
                  | Dex+4} (You bought it in a shop on level 2 of the Orcish
                  | Mines)
 29093 | D:12     | Reached skill level 1 in Armour
 29147 | D:12     | Reached skill level 1 in Translocations
 29371 | D:12     | Reached XP level 15. HP: 93/93 MP: 27/27
 29497 | D:12     | Found a gate leading to a gauntlet.
 29541 | Gauntlet | Entered a Gauntlet
 29541 | Gauntlet | Found a transporter.
 29553 | Gauntlet | Found a transporter.
 29556 | Gauntlet | Found a transporter.
 29557 | Gauntlet | Found a transporter.
 29568 | Gauntlet | Found a transporter.
 29568 | Gauntlet | Found a transporter.
 29569 | Gauntlet | Found a transporter.
 29578 | Gauntlet | Found a transporter.
 29581 | Gauntlet | Found a transporter.
 29582 | Gauntlet | Found a transporter.
 29590 | Gauntlet | Found a transporter.
 29593 | Gauntlet | Found a transporter.
 29594 | Gauntlet | Found a transporter.
 29602 | Gauntlet | Found a transporter.
 30328 | Gauntlet | Got Opny's Disquisition on Icy Flames
 30453 | Gauntlet | Identified the +11 quarterstaff of Fear {vorpal, rC+ rN+}
 30712 | D:12     | You are sucked into a shaft and drop 2 floors!
 31922 | D:7      | Killed Ironcache's ghost
 32167 | D:4      | Killed Sigmund
 32516 | D:9      | Found a burning altar of Makhleb.
 32549 | D:9      | Killed Gastronok
 32636 | D:9      | Noticed an Executioner
 33186 | D:13     | Reached skill level 1 in Long Blades
 33762 | D:14     | Found a shadowy altar of Dithmenos.
 33912 | D:14     | Found a gate to the Vaults.
 33972 | D:14     | Noticed Snorg
 33992 | D:14     | Killed Snorg
 34576 | D:15     | Entered Level 15 of the Dungeon
 35270 | D:15     | Found a frozen archway.
 35577 | D:15     | Found a broken altar of Ashenzari.
 35700 | D:15     | Reached skill level 5 in Long Blades
 35718 | D:15     | Reached skill level 5 in Armour
 35718 | D:15     | Reached XP level 16. HP: 100/101 MP: 28/30
 36043 | D:15     | Slain by a white very ugly thing

Illustrated notes

Levels and vault maps discovered:
D:1:      nagdon_arrival_double_spiral, layout_basic, serial_curves,
          eino_curves_01, eino_curves_04
D:2:      layout_rooms, serial_shops, nicolae_shop_stone, basic_altar
D:3:      layout_basic, nicolae_tso_swordbearing_angel,
          mainiacjoe_overflow_small_starburst, minmay_misc_feat_square
D:4:      layout_gridville, nicolae_overflow_hidden_temple, tgw_kikubaaqudgha,
          eat_drink_and_be_merry_uskayaw, mainiacjoe_overflow_catwalk,
          chequers_temple_overflow_statue_of_worship,
          minmay_temple_entry_crystal_x, uniq_sigmund
D:5:      layout_loops_corners, portal_sewer_entry_f
D:6:      layout_basic, marbit_many_paths
D:7:      layout_layer_cave, zin_scriptorium, enter_bailey_7, serial_shops,
          nicolae_shop_hallway_stairs, biasface_ghost_orc_armoury,
          kennysheep_small_spiral, minmay_nine_imps, uniq_crazy_yiuf_cottage,
          uniq_maggie, uniq_menkaure
D:8:      layout_basic, elyvilon_altar_3
D:9:      layout_gridville, lemuel_round_altar, makhleb_altar_promises_db,
          uniq_gastronok
D:10:     layout_basic, bloody_trog, cheibriados_altar_1, serial_park_tiny_1,
          uniq_urug
D:11:     layout_roguey, dpeg_oklobed_lair, erik_orc_2, uniq_maurice
D:12:     layout_roguey [special_room_bee], gauntlet_entry_generic
D:13:     layout_cave_pools
D:14:     layout_basic, david_vaults_4, grunt_dithmenos_smoke_and_mirrors,
          minivault_1, uniq_snorg
D:15:     gammafunk_enter_depths_forms, layout_basic,
          portal_ice_cave_entry_pillars_four, ashenzari_altar_1
Temple:   corrupted_temple
Lair:1:   layout_cave_pods, minmay_hedge_maze, grunt_megastairs_3
Lair:2:   layout_hall_layers
Lair:3:   layout_chaotic_city, grunt_megastairs_2
Lair:4:   layout_roguey, nicolae_swamp_entry_splash_gauntlet,
          guppyfry_snake_entry_island, special_room [special_room_mythical_zoo],
          beast_lair_carwin_6
Lair:5:   layout_loops_ring, nicolae_lair_yak_garden, serial_bayou_shore_b
Orc:1:    layout_diamond_mine
Orc:2:    grunt_orc_tribal_feast, layout_caves, statue_in_the_mist_lemuel,
          uniq_jorgrun, uniq_saint_roka

Skill      XL: |  1  2  3  4  5  6  7  8  9 10 11 12 13 14 15 16 |
---------------+-------------------------------------------------+-----
Short Blades   | 2 3 4 5 7 9 10 11 | 11.9
Fighting       | 1 2 3 4 6 8 9 10 11 12 | 12.0
Ice Magic      | 1 2 |  2.0
Dodging        | 3 4 6 7 8 10 12 13 14 | 14.0
Conjurations   | 1 3 4 |  4.0
Bows           | 3 5 8 10 12 14 | 14.0
Spellcasting   | 3 4 6 7 9 |  9.4
Hexes          | 3 |  3.0
Stealth        | 4 5 6 7 |  7.1
Summonings     | 2 |  2.0
Air Magic      | 3 4 |  4.0
Evocations     | 2 |  2.1
Armour         | 1 5 |  5.1
Translocations | 1 3 |  3.0
Long Blades    | 5 |  5.3

Action                   |  1- 3 |  4- 6 |  7- 9 | 10-12 | 13-15 | 16-18 || total
-------------------------+-------+-------+-------+-------+-------+-------++-------
Melee: Dagger            |    62 |   181 |   162 |   247 |   450 |     8 ||  1110
       Kick              |    20 |    42 |    44 |   121 |   391 |     5 ||   623
       Peck              |     8 |    22 |    26 |    81 |   243 |     1 ||   381
       Punch             |       |       |     2 |     5 |    17 |       ||    24
       Short sword       |       |       |       |   124 |   380 |       ||   504
 Fire: Shortbow          |       |       |   209 |   440 |   615 |    37 ||  1301
Throw: Stone             |     2 |       |       |     3 |       |       ||     5
 Cast: Ensorcelled Hiber |    13 |    60 |    62 |    90 |    86 |       ||   311
       Dazzling Flash    |       |       |     7 |       |     1 |       ||     8
       Swiftness         |       |       |       |       |     1 |     1 ||     2
       Apportation       |       |       |       |       |     1 |       ||     1
       Blink             |       |       |       |       |     1 |       ||     1
Invok: Call Merchant     |       |       |       |       |     2 |       ||     2
       Potion Petition   |       |       |       |       |     1 |       ||     1
Evoke: Wand              |       |       |     1 |     4 |    25 |     1 ||    31
  Use: Potion            |     1 |       |     4 |     3 |     9 |       ||    17
       Scroll            |       |     5 |    13 |     8 |    14 |     1 ||    41
 Stab: Invisible         |     2 |       |     3 |     1 |     5 |       ||    11
       Sleeping          |    10 |    43 |    40 |    46 |    45 |       ||   184
       Distracted        |       |     1 |     1 |     2 |    12 |       ||    16
       Petrified         |       |       |       |       |     1 |       ||     1
Armor: Robe              |     8 |    19 |    16 |     5 |       |       ||    48
       Leather armour    |       |       |       |    30 |    14 |       ||    44
       Steam dragon scal |       |       |       |     5 |       |       ||     5
       Ring mail         |       |       |       |       |    57 |     3 ||    60
Dodge: Dodged            |    43 |   121 |   184 |   407 |   472 |    23 ||  1250
